 Dungeon Crawl Stone Soup version 0.29.1-12-g30fa7ad0bf (webtiles) character file.

Game seed: 12099005841066771090

11561 cheesebisquit the Executioner (level 11, -7/124 HPs)
             Began as a Minotaur Berserker on Jan 7, 2023.
             Was a Priest of Trog.
             Mangled by an ice devil (16 damage)
             ... summoned by a kobold demonologist
             ... on level 11 of the Dungeon.
             The game lasted 00:42:22 (11991 turns).

cheesebisquit the Executioner (Minotaur Berserker) Turns: 11991, Time: 00:42:22

Health: -7/124     AC: 13    Str: 27    XL:     11   Next: 50%
Magic:  10/10      EV: 11    Int:  4    God:    Trog [***...]
Gold:   504        SH:  0    Dex:  9    Spells: 10/10 levels left

rFire   + . .      SeeInvis .   I - +0 battleaxe
rCold   . . .      Faith    .   (shield currently unavailable)
rNeg    . . .      Spirit   .   f - +1 plate armour
rPois   .          Reflect  .   (helmet restricted)
rElec   .          Harm     .   O - +0 cloak
rCorr   .          Rampage  .   (no gloves)
Will    ++...                   (no boots)
Stlth   ..........              y - amulet of magic regeneration
HPRegen 1.30/turn               x - +4 ring of evasion
MPRegen 0.52/turn               P - ring of protection from fire

@: berserking, strong-willed, regenerating, slowed
A: horns 2, retaliatory headbutt
a: Renounce Religion, Berserk, Trog's Hand


You were on level 11 of the Dungeon.
You worshipped Trog.
Trog was most pleased with you.
You visited 1 branch of the dungeon, and saw 11 of its levels.
You also visited: Sewer.

You collected 658 gold pieces.
You spent 154 gold pieces at shops.

Inventory:

Hand Weapons
 a - a +3 mace
 I - a +0 battleaxe (weapon)
 J - a +0 sling
 M - the +9 war axe "Kuphafank" {vorpal, Str+6}
   (You found it on level 8 of the Dungeon)

   It inflicts extra damage upon your enemies.
   Str:       It affects your strength (+6).
Missiles
 d - 131 stones
 v - 2 atropa-tipped darts
 F - 17 poisoned darts (quivered)
Armour
 f - a +1 plate armour (worn)
 O - a +0 cloak (worn)
 T - a scarf of invisibility
Jewellery
 b - a ring of fire
 x - a +4 ring of evasion (left hand)
 y - an amulet of magic regeneration (around neck)
 A - a ring of poison resistance
 P - a ring of protection from fire (right hand)
 Q - a +6 ring of intelligence
Wands
 r - a wand of flame (11)
 G - a wand of quicksilver (15)
 K - a wand of iceblast (12)
 L - a wand of polymorph (11)
Scrolls
 h - 5 scrolls of fear
 j - 3 scrolls of blinking
 n - 2 scrolls of enchant armour
 o - 2 scrolls of immolation
 p - a scroll of vulnerability {unknown}
 q - a scroll of torment {unknown}
 s - 6 scrolls of teleportation {unknown}
 D - 12 scrolls of identify
 E - a scroll of amnesia {unknown}
 H - 3 scrolls of poison {unknown}
 R - a scroll of butterflies {unknown}
 S - a scroll of enchant weapon {unknown}
 U - a scroll of summoning {unknown}
Potions
 c - 4 potions of curing {unknown}
 e - 3 potions of heal wounds
 g - 2 potions of invisibility
 i - 7 potions of flight
 k - a potion of lignification
 l - 3 potions of attraction
 m - 3 potions of mutation
 t - 4 potions of magic
 u - 2 potions of degeneration
 w - a potion of resistance
 z - a potion of brilliance {unknown}
 B - 2 potions of might {unknown}
 C - 2 potions of haste {unknown}
 N - a potion of ambrosia {unknown}


   Skills:
 - Level 3.8 Fighting
 + Level 21.1 Axes
 - Level 2.6 Armour
 - Level 2.4 Dodging


You had 10 spell levels left.
You didn't know any spells.
Your spell library was empty.

Dungeon Overview and Level Annotations

Branches:
Dungeon (11/15)            Temple (0/1) D:6            Lair (0/5) D:9
  Sewer (visited)
    Orc: D:9-12

Altars:
Dithmenos
Elyvilon
Gozag
Makhleb
Okawaru
Qazlal
Sif Muna
Uskayaw
Wu Jian
The Shining One

Shops:
D:4 ?*?==


Innate Abilities, Weirdness & Mutations

You have a pair of horns on your head.
You reflexively headbutt those who attack you in melee.


Message History

The kobold demonologist hits you but does no damage.
The wraith closely misses you. You furiously retaliate!
You headbutt the wraith.
You destroy the wraith!
Trog accepts your kill. The ice devil barely misses you.
The crimson imp blinks!
You barely miss Josephine.
Josephine is heavily wounded.
You slash the crimson imp!
You kill the crimson imp!
The crimson imp disappears in a puff of smoke!
You barely miss the ice devil. You barely miss the wraith.
You slice the kobold demonologist!! Josephine closely misses you.
The kobold demonologist hits you but does no damage.
The wraith hits you.
* * * LOW HITPOINT WARNING * * *
The wraith drains your vigour!
You feel as though you will be slow longer.
You open Josephine like a pillowcase!!!
Josephine is almost dead.
You hit the kobold demonologist. You closely miss the ice devil.
You closely miss the wraith. The ice devil hits you.
* * * LOW HITPOINT WARNING * * *
The ice devil freezes you!
* * * LOW HITPOINT WARNING * * *
You are too berserk!
You slice Josephine!!
You kill Josephine!
Trog accepts your kill.
Trog appreciates your killing of a magic user.
You slash the wraith!
You destroy the wraith!
Trog accepts your kill.
You closely miss the kobold demonologist.
You hit the ice devil but do no damage.
The kobold demonologist hits you but does no damage.
The ice devil hits you.
* * * LOW HITPOINT WARNING * * *
The ice devil freezes you!
You die...

... .....
.##########.....#
................##
..................
................#
......4.........#
.....5)@.§......#
.......K.§......#
................#
#####+####......#
#......# #......#
#......#
###+##.....#
+....#.....#


You could see an ice devil (summoned), a kobold demonologist and a white imp
(summoned).

Vanquished Creatures
  Josephine (D:11)
  A boulder beetle (D:11)
  A hydra (D:11)
  2 two-headed ogres
  A cyclops (D:11)
  A manticore (D:11)
  An elephant (D:9)
  Joseph (D:9)
  A kobold demonologist (D:10)
  4 slime creatures (D:10)
  6 wraiths
  2 wyverns
  9 yaks
  2 basilisks
  A steam dragon (D:8)
  An acid dragon (D:10)
  Edmund (D:6)
  7 water moccasins
  An orc warrior (D:6)
  2 sky beasts
  An ice beast (D:5)
  An ogre (D:3)
  2 black bears
  A kobold brigand (D:7)
  3 phantoms
  A gnoll sergeant (D:9)
  3 scorpions
  A bullfrog (D:7)
  9 wights
  11 killer bees
  4 howler monkeys
  2 jellies
  2 orc priests
  2 hounds
  Terence (D:2)
  3 gnoll boudas
  5 iguanas
  3 orc wizards
  9 adders
  17 gnolls
  A river rat (D:3)
  A shadow imp (D:5)
  3 white imps
  An ufetubus (D:7)
  A worm (D:3)
  A dart slug (D:1)
  22 orcs
  6 endoplasms
  2 giant cockroaches
  13 goblins
  3 hobgoblins
  10 jackals
  6 quokkas
  6 ball pythons
  7 bats (D:1)
  3 frilled lizards
  16 kobolds
  9 rats
238 creatures vanquished.

Vanquished Creatures (others)
  31 plants
  5 withered plants (D:3)
36 creatures vanquished.

Grand Total: 274 creatures vanquished

Notes
Turn   | Place    | Note
-------+----------+-------------------------------------------
     0 | D:1      | cheesebisquit the Minotaur Berserker began the quest for
                  | the Orb.
     0 | D:1      | Reached XP level 1. HP: 19/19 MP: 0/0
   436 | D:1      | Reached XP level 2. HP: 27/27 MP: 1/1
   438 | D:1      | Reached skill level 4 in Axes
   815 | D:1      | Reached ** piety under Trog
   947 | D:1      | Reached XP level 3. HP: 32/33 MP: 2/2
  1117 | D:2      | Reached skill level 5 in Axes
  1128 | D:2      | Reached XP level 4. HP: 19/40 MP: 3/3
  1594 | D:2      | Noticed a phantom
  1614 | D:2      | Killed a phantom
  1615 | D:2      | Reached skill level 6 in Axes
  1615 | D:2      | Reached XP level 5. HP: 42/46 MP: 4/4
  1683 | D:2      | Noticed Terence
  1690 | D:2      | Killed Terence
  1691 | D:2      | Reached skill level 7 in Axes
  2360 | D:3      | Found a glowing drain.
  2380 | Sewer    | Entered a sewer
  2431 | Sewer    | Noticed a water moccasin
  2439 | Sewer    | Killed a water moccasin
  2440 | Sewer    | Reached skill level 8 in Axes
  2440 | Sewer    | Reached XP level 6. HP: 44/52 MP: 5/5
  2834 | D:3      | Found a faded altar of an unknown god.
  2916 | D:3      | Reached skill level 9 in Axes
  3431 | D:4      | Found Apli Nergh's Jewellery Shoppe.
  3464 | D:4      | Found Pososch's Jewellery Emporium.
  3464 | D:4      | Found Diujul's Magic Scroll Shop.
  3494 | D:4      | Found Aptat's Magic Scroll Emporium.
  3502 | D:4      | Bought 3 scrolls of identify for 66 gold pieces
  3502 | D:4      | Bought a scroll of identify for 22 gold pieces
  3502 | D:4      | Bought a scroll of identify for 22 gold pieces
  3502 | D:4      | Bought a scroll of identify for 22 gold pieces
  3513 | D:4      | Bought a scroll of identify for 22 gold pieces
  3539 | D:4      | Found Mexzaung's Assorted Antiques.
  3573 | D:4      | Reached XP level 7. HP: 58/58 MP: 6/6
  3966 | D:4      | Reached skill level 10 in Axes
  4375 | D:5      | Entered Level 5 of the Dungeon
  4390 | D:5      | Reached skill level 11 in Axes
  4556 | D:5      | Reached XP level 8. HP: 53/66 MP: 7/7
  5018 | D:5      | Reached skill level 12 in Axes
  5338 | D:5      | Identified the +2 arbalest of Resourcefulness {penet, rElec
                  | Str+4 Int-5}
  5648 | D:6      | Found a glowing golden altar of the Shining One.
  5731 | D:6      | Reached *** piety under Trog
  5756 | D:6      | Reached skill level 13 in Axes
  6277 | D:6      | Found a staircase to the Ecumenical Temple.
  6337 | D:6      | Noticed Edmund
  6344 | D:6      | Killed Edmund
  6364 | D:6      | Reached skill level 14 in Axes
  6364 | D:6      | Reached XP level 9. HP: 52/71 MP: 8/8
  7010 | D:7      | Found a stormy altar of Qazlal.
  7325 | D:7      | Found a hide-covered altar of Uskayaw.
  7325 | D:7      | Found an opulent altar of Gozag.
  7393 | D:7      | Reached skill level 15 in Axes
  8000 | D:7      | Reached skill level 16 in Axes
  8002 | D:7      | Found a shadowy altar of Dithmenos.
  8247 | D:8      | Found an ornate altar of the Wu Jian Council.
  8247 | D:8      | Identified the +9 war axe "Kuphafank" {vorpal, Str+6}
  8296 | D:8      | Found an iron altar of Okawaru.
  8695 | D:8      | Found a white marble altar of Elyvilon.
  9708 | D:9      | Noticed Joseph
  9727 | D:9      | Killed Joseph
  9728 | D:9      | Reached skill level 17 in Axes
  9728 | D:9      | Reached XP level 10. HP: 77/77 MP: 9/9
  9924 | D:9      | Noticed an elephant
  9935 | D:9      | Killed an elephant
  9951 | D:9      | Reached skill level 18 in Axes
 10087 | D:9      | Found a staircase to the Lair.
 10172 | D:9      | Noticed a two-headed ogre
 10190 | D:9      | Killed a two-headed ogre
 10479 | D:10     | Entered Level 10 of the Dungeon
 10502 | D:10     | Reached skill level 19 in Axes
 11063 | D:10     | Reached XP level 11. HP: 75/81 MP: 10/10
 11178 | D:10     | Found a burning altar of Makhleb.
 11415 | D:10     | Found a shimmering blue altar of Sif Muna.
 11552 | D:11     | Noticed a two-headed ogre
 11572 | D:11     | Killed a two-headed ogre
 11573 | D:11     | Reached skill level 20 in Axes
 11666 | D:11     | Noticed a boulder beetle
 11682 | D:11     | Killed a boulder beetle
 11763 | D:11     | Noticed a seven-headed hydra
 11775 | D:11     | Killed a seven-headed hydra
 11977 | D:11     | Noticed Josephine
 11987 | D:11     | Reached skill level 21 in Axes
 11991 | D:11     | Killed Josephine
 11991 | D:11     | Mangled by an ice devil

Illustrated notes

Levels and vault maps discovered:
D:1:      wander_arrival_estate, layout_loops_ring, serial_bayou,
          serial_bayou_lagoon_a, serial_bayou_shore_a, serial_bayou_ford_a,
          serial_bayou_pond_d, minmay_misc_feat_hallway, minmay_strange_pillars,
          minmay_split_cup_large
D:2:      layout_basic, corexii_leaking_fountain,
          chequers_serial_rivers_micro_c, uniq_terence
D:3:      layout_basic, shapermc_ecumenical_altar_flowoftime,
          portal_sewer_entry_a, minmay_ogre_servants
D:4:      layout_cave_pods, serial_shops, nicolae_stop_n_shop_2,
          nicolae_shop_crystal, nicolae_stop_n_shop_2, shop_statue,
          nicolae_shop_overgrown_old_shop, serial_glass, glass_columns_a,
          glass_columns_b, glass_columns_b, glass_columns_a, glass_columns_a,
          glass_columns_a, nrook_mini_backslash
D:5:      layout_layer_cave
D:6:      layout_loops_ring, tso_metal_star, minmay_temple_entry_glassed_door,
          uniq_edmund
D:7:      layout_basic, nicolae_qazlal_style_of_elements,
          lemuel_coloured_pillars_altar,
          chequers_temple_overflow_statue_of_worship, serial_corexii_hall,
          corexii_hall_statues_s, chequers_hall_statues_corner_a,
          chequers_hall_statues_wall_a, corexii_hall_statues_l,
          corexii_hall_statues_deadend, corexii_hall_statues_x
D:8:      layout_layer_cave, pf_just_have_faith, lemuel_round_altar,
          mainiacjoe_overflow_tiny_flanked
D:9:      layout_basic, david_lair_generic, special_room [special_room_bee],
          dreamdust_gnoll_shepherd, uniq_joseph
D:10:     layout_rooms, lemuel_blue_sif_altar, kennysheep_little_box,
          hangedman_decor_growths, minmay_rotating_lava
D:11:     layout_gridville, orc_0_dummy, uniq_josephine

Skill      XL: |  1  2  3  4  5  6  7  8  9 10 11 |
---------------+----------------------------------+-----
Axes           | 4 5 6 8 9 11 14 17 19 21 | 21.1
Fighting       | |  3.8
Armour         | |  2.6
Dodging        | |  2.4

Action                   |  1- 3 |  4- 6 |  7- 9 | 10-12 || total
-------------------------+-------+-------+-------+-------++-------
Melee: Hand axe          |    78 |   133 |   272 |       ||   483
       Headbutt          |     9 |    17 |    52 |    28 ||   106
       Punch             |     1 |     2 |     5 |       ||     8
       Battleaxe         |       |       |   100 |   147 ||   247
       Mace              |       |       |       |     4 ||     4
Throw: Dart              |       |       |       |     4 ||     4
       Stone             |       |       |       |     1 ||     1
Invok: Trog's Hand       |     1 |     4 |     4 |     7 ||    16
       Berserk           |     1 |     5 |     3 |     6 ||    15
  Use: Scroll            |       |    14 |       |       ||    14
       Potion            |       |       |       |     3 ||     3
Armor: Animal skin       |     6 |       |       |       ||     6
       Plate armour      |    29 |    71 |   130 |    73 ||   303
Dodge: Dodged            |    46 |    46 |   155 |    73 ||   320
